 Dungeon Crawl Stone Soup version 0.28-a0-1567-g1695149f81 (webtiles) character file.

Game seed: 10133696620467813288

38 zazu2006 the Magician (level 3, -3/28 HPs)
             Began as a Naga Hedge Wizard on Jan 20, 2022.
             Slain by Natasha (6 damage)
             ... on level 2 of the Dungeon.
             The game lasted 00:01:58 (1522 turns).

zazu2006 the Magician (Naga Hedge Wizard)           Turns: 1522, Time: 00:01:59

Health: -3/28      AC:  2    Str: 12    XL:     3   Next: 43%
Magic:  3/8        EV:  9    Int: 16    God:
Gold:   23         SH:  0    Dex: 10    Spells: 0/9 levels left

rFire   + . .      SeeInvis +   a - +0 dagger
rCold   + . .      Faith    .   (no shield)
rNeg    . . .      Spirit   .   d - +0 leather armour
rPois   +          Reflect  .   c - +0 hat
rElec   +          Harm     .   (no cloak)
rCorr   +          Rampage  .   (no gloves)
Will    .....                   (no barding)
Stlth   ++........              g - amulet of the acrobat
HPRegen 0.09/turn               (no ring)
MPRegen 0.11/turn               (no ring)

@: brilliant, resistant, very slow
A: AC +1, large, see invisible, deformed body, poison resistance, slowness 2,
spit poison 1, naga tail 1
a: Spit Poison


You were on level 2 of the Dungeon.
You visited 1 branch of the dungeon, and saw 2 of its levels.

You collected 23 gold pieces.

Inventory:

Hand Weapons
 a - a +0 dagger (weapon)
Armour
 c - a +0 hat (worn)
 d - a +0 leather armour (worn)
Jewellery
 g - an amulet of the acrobat (around neck)
Scrolls
 b - a scroll of teleportation {unknown}
 e - a scroll of blinking {unknown}
 f - a scroll of fog {unknown}
 h - a scroll of enchant armour {unknown}
 i - a scroll of magic mapping {unknown}
 j - a scroll of noise {unknown}


   Skills:
 + Level 0.3 Armour
 + Level 1.6 Dodging
 + Level 3.0 Stealth
 + Level 3.8 Spellcasting
 + Level 1.5 Conjurations
 + Level 1.1 Summonings
 + Level 1.0 Translocations


You couldn't memorise any spells.
You knew the following spells:

 Your Spells              Type           Power      Damage    Failure   Level
a - Magic Dart            Conj           48%        1d5       12%         1
b - Mephitic Cloud        Conj/Pois/Air  7%         N/A       47%         3
c - Conjure Flame         Conj/Fire      8%         6-21      43%         3
d - Blink                 Tloc           18%        N/A       22%         2

Your spell library contained the following spells:

 Spells                   Type           Power      Damage    Failure   Level
 Slow                     Hex            16%        N/A       22%         1
 Call Imp                 Summ           9%         N/A       22%         2


Dungeon Overview and Level Annotations

Branches:
Dungeon (2/15)

Altars:

Annotations:
D:2 Natasha


Innate Abilities, Weirdness & Mutations

Your serpentine skin is tough. (AC +1)
You have supernaturally acute eyesight. (SInv)
Armour fits poorly on your strangely shaped body.
Your system is resistant to poisons. (rPois)
You cover ground very slowly.
You can spit poison.
You have a snake-like lower body.


Message History

Aiming: Magic Dart (safe; 12% risk of failure)
Press: ? - help, Shift-Dir - straight line, f/p - Natasha
Aim: Natasha (lightly wounded, 100% to hit)
The magic dart hits Natasha.
Natasha is moderately wounded.
Natasha claws you. The crimson imp hits you. The shadow imp gestures at you.
Pain shoots through your body!
Casting: Magic Dart (safe; 12% risk of failure)
Confirm with . or Enter, or press ? or * to list all spells.
Aiming: Magic Dart (safe; 12% risk of failure)
Press: ? - help, Shift-Dir - straight line, f/p - Natasha
Aim: Natasha (moderately wounded, 100% to hit)
The magic dart hits Natasha.
Natasha is moderately wounded.
Natasha claws you but does no damage. The crimson imp closely misses you.
The shadow imp gestures at you.
You barely resist.
Casting: Magic Dart (safe; 12% risk of failure)
Confirm with . or Enter, or press ? or * to list all spells.
Aiming: Magic Dart (safe; 12% risk of failure)
Press: ? - help, Shift-Dir - straight line, f/p - Natasha
Aim: Natasha (moderately wounded, 100% to hit)
The magic dart hits Natasha.
Natasha is heavily wounded.
The crimson imp barely misses you. Natasha claws you!
* * * LOW HITPOINT WARNING * * *
The shadow imp gestures at you. Pain shoots through your body!
* * * LOW HITPOINT WARNING * * *
Unknown command.
It was a potion of brilliance.
You feel clever all of a sudden.
You have got your breath back.
Natasha closely misses you. The crimson imp misses you.
The shadow imp barely misses you.
It was a potion of resistance.
You feel protected. Natasha claws you.
You die...

########### ........#..
.######.#.# #.#.#
#############.######.#.#
........5...............
......5@h...#.######.#..
###########.# #.#..
#.#.# #.#.# #<#.# ###.#
#.. ##### .....


You could see Natasha, a crimson imp (summoned) and a shadow imp (summoned).

Vanquished Creatures
  3 dart slugs
  2 bats
  2 endoplasms
  3 goblins (D:1)
  4 hobgoblins (D:1)
  2 quokkas
  5 ball pythons
  2 frilled lizards
  3 kobolds (D:1)
  4 rats (D:1)
30 creatures vanquished.

Notes
Turn   | Place    | Note
-------+----------+-------------------------------------------
     0 | D:1      | zazu2006 the Naga Hedge Wizard began the quest for the Orb.
     0 | D:1      | Reached XP level 1. HP: 15/15 MP: 4/4
   270 | D:1      | Reached XP level 2. HP: 22/22 MP: 3/6
   475 | D:1      | Found a faded altar of an unknown god.
   826 | D:1      | Reached XP level 3. HP: 28/28 MP: 5/8
   830 | D:1      | Learned a level 3 spell: Mephitic Cloud
   834 | D:1      | Learned a level 3 spell: Conjure Flame
   837 | D:1      | Learned a level 2 spell: Blink
  1512 | D:2      | Noticed Natasha
  1522 | D:2      | Slain by Natasha

Illustrated notes

Levels and vault maps discovered:
D:1:      tarquinn_simple_flora_water_a, layout_rooms,
          ebering_ecumenical_altar_mist
D:2:      layout_basic, basic_altar, hangedman_abyss_or_decor_lesser_grid,
          minmay_misc_feat_four_crosses, uniq_jessica, uniq_natasha

Action                   || total
-------------------------++-------
Melee: Dagger            ||     1
 Cast: Magic Dart        ||    65
 Abil: Spit Poison       ||    12
  Use: Potion            ||     2
Armor: Leather armour    ||     1
Dodge: Dodged            ||     9

Table legend: (Time is in decaauts)
 A = Elapsed time spent in this place.
 B = Non-inter-level travel time spent in this place.
 C = Inter-level travel time spent in this place.
 D = Time resting spent in this place.
 E = Time spent auto-exploring this place.
 F = Levels seen in this place.
 G = Mean time per level.
                   A        B        C        D        E       F      G
               +--------+--------+--------+--------+--------+-----+--------+
         Total |   1768 |   1750 |     18 |      0 |   1552 |   2 |  884.0 |
       Dungeon |   1768 |   1750 |     18 |      0 |   1552 |   2 |  884.0 |
               +--------+--------+--------+--------+--------+-----+--------+

Top non-repeatable levels by time:
     D:1: 1339 daAuts
     D:2: 428 daAuts
